Cape Breton Oilers vs Toronto St Pats
Created - Wednesday, April 17, 2024 at 07:47
Goals
|
| Cape Breton Oilers |
3 |
2 |
0 |
5 |
| Toronto St Pats |
0 |
1 |
0 |
1 |
|
Shots
|
| Cape Breton Oilers |
7 |
10 |
4 |
21 |
| Toronto St Pats |
12 |
17 |
2 |
31 |
|
1st period
1. Cape Breton Oilers , Luke Evangelista 30 (Alexey Toropchenko 31, Carl Grundstrom 36) at 12:46
2. Cape Breton Oilers , Alexey Toropchenko 28 (Luke Evangelista 55, Noel Acciari 35) at 12:54
3. Cape Breton Oilers , Alexey Toropchenko 29 (Luke Evangelista 56, Noel Acciari 36) at 12:59
Penalties :
Quinton Byfield (TSP) for Interference (Minor) at 0:22, Will Cuylle (CBO) for Slashing (Minor) at 3:15, Max Jones (CBO) for Holding (Minor) at 17:08
2nd period
4. Cape Breton Oilers , Luke Evangelista 31 (Noel Acciari 37) at 2:30 (PP)
5. Cape Breton Oilers , Noel Acciari 21 (Alexey Toropchenko 32, Luke Evangelista 57) at 13:09
6. Toronto St Pats , Filip Hallander 37 (Nick Cousins 37, William Lockwood 20) at 14:31
Penalties :
Lucas Carlsson (TSP) for Holding (Minor) at 2:26, Sheldon Dries (TSP) for Fighting (Major) at 3:48, Max Jones (CBO) for Fighting (Major) at 3:48, Sheldon Dries (TSP) for instigated a fight (Minor) at 3:48, Sheldon Dries (TSP) for instigated a fight (10 Minutes Misconduct) at 3:48, Corey Andonovski (TSP) for High sticking (Minor) at 10:19, Riley Damiani (TSP) for Fighting (Major) at 12:57, Sam Carrick (CBO) for Fighting (Major) at 12:57, Luke Evangelista (CBO) for High sticking (Minor) at 15:01, Austin Watson (TSP) for Fighting (Major) at 17:34, Will Cuylle (CBO) for Fighting (Major) at 17:34, Austin Watson (TSP) for instigated a fight (Minor) at 17:34, Austin Watson (TSP) for instigated a fight (10 Minutes Misconduct) at 17:34, Riley Damiani (TSP) for Delaying the game (Minor) at 0:00
3rd period
No Goal
Penalties :
Lassi Thomson (TSP) for Fighting (Major) at 2:23, Sam Carrick (CBO) for Fighting (Major) at 2:23, Lucas Carlsson (TSP) for Close Hand On Puck (Minor) at 3:44
Goalie Stats
Jack Campbell (CBO), 30 saves from 31 shots - (0.968), W, 29-12-2, 60:00 minutes
Cal Petersen (TSP), 16 saves from 21 shots - (0.762), L, 29-8-0, 60:00 minutes
Players Stats for Cape Breton Oilers
Player Name G A P +/- PIM S H SB GA TA FO MP PP MP PK MP
------------------------------------------------------------------------------------
Alexey Toropchenko 2 2 4 3 0 4 4 0 0 0 0/1 20:45 6:08 2:23
Brett Seney 0 0 0 0 0 4 4 1 2 1 4/14 19:59 5:42 2:23
Carl Grundstrom 0 1 1 0 0 1 1 0 0 0 0/0 17:06 5:42 0:00
Dylan McIlrath 0 0 0 0 0 0 5 3 0 0 0/0 22:10 5:49 2:46
Hudson Fasching 0 0 0 0 0 1 3 0 0 0 0/0 16:57 5:42 0:00
Jonah Gadjovich 0 0 0 0 0 1 1 0 0 2 0/1 8:47 0:00 0:00
Kevin Bahl 0 0 0 3 0 0 1 2 0 0 0/0 25:45 6:10 3:11
Leon Gawanke 0 0 0 0 0 1 0 1 0 0 0/0 22:10 5:49 2:46
Luke Evangelista 2 3 5 3 2 4 2 2 1 0 0/3 20:31 6:11 2:07
Matt Luff 0 0 0 0 0 0 0 0 0 0 0/0 8:28 0:00 0:00
Max Jones 0 0 0 0 7 0 2 0 0 0 0/0 10:04 0:06 0:31
Noel Acciari 1 3 4 3 0 2 2 1 0 1 18/27 21:25 6:11 3:23
Parker Kelly 0 0 0 0 0 1 3 0 0 0 1/4 11:50 0:06 1:07
Philip Broberg 0 0 0 3 0 0 2 1 1 1 0/0 25:45 6:10 3:11
Sam Carrick 0 0 0 0 10 1 2 0 0 1 0/2 7:41 0:00 0:00
Vladislav Kolyachonok 0 0 0 0 0 0 1 0 0 0 0/0 12:05 0:00 0:00
Will Cuylle 0 0 0 0 7 0 3 0 0 1 0/1 10:23 0:09 0:00
William Trudeau 0 0 0 0 0 1 1 0 0 1 0/0 12:05 0:00 0:00
Players Stats for Toronto St Pats
Player Name G A P +/- PIM S H SB GA TA FO MP PP MP PK MP
------------------------------------------------------------------------------------
Austin Watson 0 0 0 -2 17 0 1 1 0 1 1/1 15:01 2:51 3:00
Brendan Brisson 0 0 0 -1 0 3 0 0 0 0 0/0 11:42 3:06 0:00
Connor Dewar 0 0 0 0 0 3 0 2 1 0 0/2 17:25 3:06 4:45
Corey Andonovski 0 0 0 0 2 1 1 0 0 0 1/2 15:06 0:00 3:20
Filip Hallander 1 0 1 0 0 7 3 1 0 0 10/13 19:29 3:06 5:02
Jake Leschyshyn 0 0 0 0 0 0 1 1 0 0 10/15 16:34 1:00 2:19
Lassi Thomson 0 0 0 -2 5 0 0 0 0 0 0/0 20:03 2:08 5:14
Lucas Carlsson 0 0 0 -2 4 0 2 1 2 1 0/0 21:42 2:08 5:14
Nick Cousins 0 1 1 0 0 3 1 0 0 0 0/0 11:41 0:00 0:22
Nicolas Beaudin 0 0 0 0 0 0 0 1 0 0 0/0 13:48 0:00 1:03
Pierre-Olivier Joseph 0 0 0 -1 0 4 0 4 1 1 0/0 25:32 3:49 5:42
Quinton Byfield 0 0 0 -2 2 2 1 0 0 0 1/1 17:26 2:51 1:56
Riley Damiani 0 0 0 -1 7 1 1 0 1 0 2/3 9:21 0:00 0:18
Scott Perunovich 0 0 0 0 0 0 1 1 0 0 0/0 12:44 0:00 1:03
Sean Walker 0 0 0 -1 0 3 4 2 1 1 0/0 25:37 3:49 5:42
Sheldon Dries 0 0 0 -2 17 2 0 0 2 0 5/15 15:13 1:51 3:14
Ville Koivunen 0 0 0 -1 0 0 1 0 0 0 0/0 8:28 0:00 0:00
William Lockwood 0 1 1 0 0 2 2 0 0 0 0/1 11:19 0:00 0:00
3 Stars
1 - Alexey Toropchenko (CBO)
2 - Luke Evangelista (CBO)
3 - Noel Acciari (CBO)
Power Play
Cape Breton Oilers - 1 on 7 Attempt(s) - 14.29%
Toronto St Pats - 0 on 3 Attempt(s) - 0.00%
Penalty Kill
Cape Breton Oilers - 3 on 3 Attempt(s) - 100.00%
- Score 0 goal in Penalty Kill
Toronto St Pats - 6 on 7 Attempt(s) - 85.71%
- Score 0 goal in Penalty Kill
Team Stat
Cape Breton Oilers - Hits : 37 - Faceoff Wins : 23 - Blocked Shots : 11 - Penalty Minutes : 26
Toronto St Pats - Hits : 19 - Faceoff Wins : 30 - Blocked Shots : 14 - Penalty Minutes : 54
Official
Referees : Kyle Rehman and Francois StLaurent
Linesman : Steve Barton and John Grandt
Game Notes
Sheldon Dries beats up Max Jones at 3:48 of 2nd period
Riley Damiani and Sam Carrick fight to a draw at 12:57 of 2nd period
Austin Watson beats up Will Cuylle at 17:34 of 2nd period
Sam Carrick beats up Lassi Thomson at 2:23 of 3rd period
Cape Breton Oilers
5 vs 5 Forward
Center Left Wing Right Wing Time % Phy DF OF
1 Noel Acciari Alexey Toropchenko Luke Evangelista 30 1 2 2
2 Brett Seney Carl Grundstrom Hudson Fasching 30 1 2 2
3 Parker Kelly Will Cuylle Max Jones 25 1 2 2
4 Sam Carrick Jonah Gadjovich Matt Luff 15 1 2 2
5 vs 5 Defense
Defense Defense Time % Phy DF OF
1 Kevin Bahl Philip Broberg 30 1 2 2
2 Dylan McIlrath Leon Gawanke 30 1 2 2
3 Vladislav Kolyachonok William Trudeau 25 1 2 2
4 Kevin Bahl Philip Broberg 15 1 2 2
PowerPlay Forward
Center Left Wing Right Wing Time % Phy DF OF
1 Noel Acciari Alexey Toropchenko Luke Evangelista 50 1 2 2
2 Brett Seney Carl Grundstrom Hudson Fasching 50 1 2 2
PowerPlay Defense
Defense Defense Time % Phy DF OF
1 Kevin Bahl Philip Broberg 50 1 2 2
2 Dylan McIlrath Leon Gawanke 50 1 2 2
Penalty Kill 4 Players Forward
Center Wing Time % Phy DF OF
1 Luke Evangelista Noel Acciari 50 1 2 2
2 Alexey Toropchenko Brett Seney 50 1 2 2
Penalty Kill 4 Players Defense
Defense Defense Time % Phy DF OF
1 Kevin Bahl Philip Broberg 50 1 2 2
2 Dylan McIlrath Leon Gawanke 50 1 2 2
Penalty Kill - 3 Players Forward
Forward Time % Phy DF OF
1 Luke Evangelista 50 1 2 2
2 Noel Acciari 50 1 2 2
Penalty Kill - 3 Players Defense
Defense Defense Time % Phy DF OF
1 Kevin Bahl Philip Broberg 50 1 2 2
2 Dylan McIlrath Leon Gawanke 50 1 2 2
4 vs 4 Forward
Center Wing Time % Phy DF OF
1 Luke Evangelista Noel Acciari 50 1 2 2
2 Alexey Toropchenko Brett Seney 50 1 2 2
4 vs 4 Defense
Defense Defense Time % Phy DF OF
1 Kevin Bahl Philip Broberg 50 1 2 2
2 Dylan McIlrath Leon Gawanke 50 1 2 2
Last Minutes Offensive
Center Left Wing Right Wing Defense Defense
Noel Acciari Alexey Toropchenko Luke Evangelista Kevin Bahl Philip Broberg
Last Minutes Defensive
Center Left Wing Right Wing Defense Defense
Noel Acciari Alexey Toropchenko Luke Evangelista Kevin Bahl Philip Broberg
Goaltenders
Starting : Jack Campbell
Backup : Matt Villalta
Extra Forwards
Normal : Will Cuylle, Parker Kelly, Max Jones - PP : Will Cuylle, Parker Kelly - PK : Max Jones
Extra Defensemen
Normal : Vladislav Kolyachonok, William Trudeau, Dylan McIlrath - PP : Vladislav Kolyachonok - PK : William Trudeau, Dylan McIlrath
Penalty Shots
Luke Evangelista, Noel Acciari, Alexey Toropchenko, Brett Seney, Carl Grundstrom
Toronto St Pats
5 vs 5 Forward
Center Left Wing Right Wing Time % Phy DF OF
1 Sheldon Dries Quinton Byfield Austin Watson 30 1 2 2
2 Filip Hallander Nick Cousins William Lockwood 30 1 2 2
3 Jake Leschyshyn Connor Dewar Corey Andonovski 25 1 2 2
4 Riley Damiani Brendan Brisson Ville Koivunen 15 1 2 2
5 vs 5 Defense
Defense Defense Time % Phy DF OF
1 Sean Walker Pierre-Olivier Joseph 30 1 2 2
2 Lucas Carlsson Lassi Thomson 30 1 2 2
3 Nicolas Beaudin Scott Perunovich 25 1 2 2
4 Sean Walker Pierre-Olivier Joseph 15 1 2 2
PowerPlay Forward
Center Left Wing Right Wing Time % Phy DF OF
1 Sheldon Dries Quinton Byfield Austin Watson 50 1 2 2
2 Filip Hallander Connor Dewar Brendan Brisson 50 1 2 2
PowerPlay Defense
Defense Defense Time % Phy DF OF
1 Sean Walker Pierre-Olivier Joseph 50 1 2 2
2 Lucas Carlsson Lassi Thomson 50 1 2 2
Penalty Kill 4 Players Forward
Center Wing Time % Phy DF OF
1 Sheldon Dries Austin Watson 50 1 2 2
2 Filip Hallander Connor Dewar 50 1 2 2
Penalty Kill 4 Players Defense
Defense Defense Time % Phy DF OF
1 Sean Walker Pierre-Olivier Joseph 50 1 2 2
2 Lucas Carlsson Lassi Thomson 50 1 2 2
Penalty Kill - 3 Players Forward
Forward Time % Phy DF OF
1 Sheldon Dries 50 1 2 2
2 Filip Hallander 50 1 2 2
Penalty Kill - 3 Players Defense
Defense Defense Time % Phy DF OF
1 Sean Walker Pierre-Olivier Joseph 50 1 2 2
2 Lucas Carlsson Lassi Thomson 50 1 2 2
4 vs 4 Forward
Center Wing Time % Phy DF OF
1 Sheldon Dries Quinton Byfield 50 1 2 2
2 Filip Hallander Austin Watson 50 1 2 2
4 vs 4 Defense
Defense Defense Time % Phy DF OF
1 Sean Walker Pierre-Olivier Joseph 50 1 2 2
2 Lucas Carlsson Lassi Thomson 50 1 2 2
Last Minutes Offensive
Center Left Wing Right Wing Defense Defense
Sheldon Dries Quinton Byfield Austin Watson Sean Walker Pierre-Olivier Joseph
Last Minutes Defensive
Center Left Wing Right Wing Defense Defense
Filip Hallander Austin Watson William Lockwood Sean Walker Pierre-Olivier Joseph
Goaltenders
Starting : Cal Petersen
Backup : Hugo Alnefelt
Extra Forwards
Normal : Jake Leschyshyn, Riley Damiani, Corey Andonovski - PP : Jake Leschyshyn, Riley Damiani - PK : Corey Andonovski
Extra Defensemen
Normal : Nicolas Beaudin, Scott Perunovich, Lucas Carlsson - PP : Nicolas Beaudin - PK : Scott Perunovich, Lucas Carlsson
Penalty Shots
Quinton Byfield, Austin Watson, Nick Cousins, Sheldon Dries, Connor Dewar
% Time on Ice - Cape Breton Oilers
Lines # - Real PCT - Wanted PCT - Time Play
Normal Forward
1 - 27% - 30% - 11:21
2 - 29% - 30% - 12:05
3 - 24% - 25% - 10:10
4 - 20% - 15% - 8:28
Normal Defense
1 - 31% - 30% - 12:52
2 - 32% - 30% - 13:35
3 - 29% - 25% - 12:05
4 - 8% - 15% - 3:32
PP Forward
1 - 52% - 50% - 6:11
2 - 48% - 50% - 5:48
PP Defense
1 - 51% - 50% - 6:10
2 - 49% - 50% - 5:49
PK Forward
1 - 57% - 50% - 3:23
2 - 43% - 50% - 2:34
PK Defense
1 - 54% - 50% - 3:11
2 - 46% - 50% - 2:46
PK3 Forward
1 - 0% - 50%
2 - 0% - 50%
PK3 Defense
1 - 0% - 50%
2 - 0% - 50%
44 Forward
1 - 0% - 50%
2 - 0% - 50%
44 Defense
1 - 0% - 50%
2 - 0% - 50%
Last Minute Offensive - 0:00
Last Minute Defensive - 0:00
Total
Forward - 60:00
Defense - 60:00
|
% Time on Ice - Toronto St Pats
Lines # - Real PCT - Wanted PCT - Time Play
Normal Forward
1 - 30% - 30% - 12:32
2 - 29% - 30% - 12:05
3 - 21% - 25% - 8:59
4 - 20% - 15% - 8:28
Normal Defense
1 - 29% - 30% - 12:15
2 - 37% - 30% - 15:28
3 - 27% - 25% - 11:10
4 - 8% - 15% - 3:11
PP Forward
1 - 48% - 50% - 2:51
2 - 52% - 50% - 3:06
PP Defense
1 - 64% - 50% - 3:49
2 - 36% - 50% - 2:08
PK Forward
1 - 58% - 50% - 6:57
2 - 42% - 50% - 5:02
PK Defense
1 - 45% - 50% - 5:23
2 - 55% - 50% - 6:36
PK3 Forward
1 - 0% - 50%
2 - 0% - 50%
PK3 Defense
1 - 0% - 50%
2 - 0% - 50%
44 Forward
1 - 0% - 50%
2 - 0% - 50%
44 Defense
1 - 0% - 50%
2 - 0% - 50%
Last Minute Offensive - 0:00
Last Minute Defensive - 0:00
Total
Forward - 60:00
Defense - 60:00
|
Play-by-Play
1st period
0:01 of 1st period - Sheldon Dries wins face-off versus Noel Acciari in neutral zone.
0:22 of 1st period - Minor Penalty to Quinton Byfield for Interference.
0:23 of 1st period - Noel Acciari wins face-off versus Sheldon Dries in Toronto St Pats zone.
2:19 of 1st period - Filip Hallander is hit by Max Jones and loses puck.
2:22 of 1st period - Penalty to Quinton Byfield is over, Quinton Byfield is back on ice.
2:32 of 1st period - Slapshot by Max Jones.
2:32 of 1st period - Deflect By Parker Kelly.
2:32 of 1st period - Shot Misses the Net.
2:32 of 1st period - Puck is out of play.
2:33 of 1st period - Riley Damiani wins face-off versus Sam Carrick in Toronto St Pats zone.
2:33 of 1st period - Riley Damiani is hit by William Trudeau.
2:49 of 1st period - Snap shot by Brendan Brisson.
2:49 of 1st period - Stopped by Jack Campbell without a rebound.
2:50 of 1st period - Jake Leschyshyn wins face-off versus Parker Kelly in Cape Breton Oilers zone.
2:51 of 1st period - Snap shot by Connor Dewar.
2:51 of 1st period - Stopped by Jack Campbell with a rebound.
2:53 of 1st period - Snap shot by Connor Dewar.
2:53 of 1st period - Stopped by Jack Campbell without a rebound.
2:54 of 1st period - Jake Leschyshyn wins face-off versus Parker Kelly in Cape Breton Oilers zone.
2:57 of 1st period - Snap shot by Connor Dewar.
2:57 of 1st period - Shot Blocked by Dylan McIlrath.
2:59 of 1st period - Snap shot by Sean Walker.
2:59 of 1st period - Shot Misses the Net.
3:09 of 1st period - Wrist shot by Connor Dewar.
3:09 of 1st period - Shot Misses the Net.
3:15 of 1st period - Minor Penalty to Will Cuylle for Slashing.
3:16 of 1st period - Austin Watson wins face-off versus Luke Evangelista in Cape Breton Oilers zone.
3:31 of 1st period - Snap shot by Austin Watson.
3:31 of 1st period - Shot Misses the Net.
3:41 of 1st period - Sean Walker is hit by Brett Seney.
3:47 of 1st period - Slapshot by Filip Hallander.
3:47 of 1st period - Stopped by Jack Campbell with a rebound.
4:03 of 1st period - Luke Evangelista is hit by Quinton Byfield and loses puck.
5:02 of 1st period - Filip Hallander is hit by Parker Kelly and loses puck.
5:15 of 1st period - Penalty to Will Cuylle is over, Will Cuylle is back on ice.
5:29 of 1st period - Vladislav Kolyachonok is hit by William Lockwood and loses puck.
5:36 of 1st period - Jonah Gadjovich is hit by Jake Leschyshyn and loses puck.
5:54 of 1st period - Nicolas Beaudin is hit by Will Cuylle.
5:58 of 1st period - Riley Damiani is hit by Parker Kelly and loses puck.
8:18 of 1st period - Vladislav Kolyachonok is hit by Sean Walker and loses puck.
8:27 of 1st period - Quinton Byfield is hit by Noel Acciari and loses puck.
8:38 of 1st period - Wrist shot by Alexey Toropchenko.
8:38 of 1st period - Deflect By Luke Evangelista.
8:38 of 1st period - Shot Blocked by Pierre-Olivier Joseph.
8:38 of 1st period - Puck is out of play.
8:39 of 1st period - Filip Hallander wins face-off versus Brett Seney in Toronto St Pats zone.
8:39 of 1st period - Filip Hallander is hit by Dylan McIlrath.
9:27 of 1st period - Nicolas Beaudin is hit by Kevin Bahl and loses puck.
10:02 of 1st period - Wrist shot by Luke Evangelista.
10:02 of 1st period - Stopped by Cal Petersen with a rebound.
10:57 of 1st period - Snap shot by Filip Hallander.
10:57 of 1st period - Stopped by Jack Campbell with a rebound.
11:42 of 1st period - William Lockwood is hit by Noel Acciari and loses puck.
11:52 of 1st period - Icing by Filip Hallander.
11:53 of 1st period - Sheldon Dries wins face-off versus Sam Carrick in Toronto St Pats zone.
12:02 of 1st period - Sam Carrick is hit by Austin Watson and loses puck.
12:29 of 1st period - Connor Dewar is hit by Carl Grundstrom and loses puck.
12:46 of 1st period - Slapshot by Luke Evangelista.
12:46 of 1st period - Goal by Luke Evangelista - Cape Breton Oilers : 1 - Toronto St Pats : 0.
12:47 of 1st period - Noel Acciari wins face-off versus Sheldon Dries in neutral zone.
12:54 of 1st period - Snap shot by Alexey Toropchenko.
12:54 of 1st period - Goal by Alexey Toropchenko - Cape Breton Oilers : 2 - Toronto St Pats : 0.
12:55 of 1st period - Noel Acciari wins face-off versus Sheldon Dries in neutral zone.
12:59 of 1st period - Snap shot by Alexey Toropchenko.
12:59 of 1st period - Goal by Alexey Toropchenko - Cape Breton Oilers : 3 - Toronto St Pats : 0.
13:00 of 1st period - Sheldon Dries wins face-off versus Brett Seney in neutral zone.
13:25 of 1st period - Pierre-Olivier Joseph is hit by Max Jones and loses puck.
13:52 of 1st period - Snap shot by Jake Leschyshyn.
13:52 of 1st period - Shot Blocked by Dylan McIlrath.
13:58 of 1st period - Connor Dewar is hit by Dylan McIlrath and loses puck.
14:16 of 1st period - Slapshot by Sam Carrick.
14:16 of 1st period - Stopped by Cal Petersen without a rebound.
14:17 of 1st period - Filip Hallander wins face-off versus Brett Seney in Toronto St Pats zone.
14:28 of 1st period - Wrist shot by Filip Hallander.
14:28 of 1st period - Stopped by Jack Campbell with a rebound.
14:30 of 1st period - Slapshot by Sean Walker.
14:30 of 1st period - Stopped by Jack Campbell with a rebound.
14:32 of 1st period - Snap shot by Nick Cousins.
14:32 of 1st period - Stopped by Jack Campbell with a rebound.
14:42 of 1st period - Wrist shot by Brett Seney.
14:42 of 1st period - Shot Blocked by Connor Dewar.
14:44 of 1st period - Slapshot by Vladislav Kolyachonok.
14:44 of 1st period - Shot Misses the Net.
14:46 of 1st period - Slapshot by William Trudeau.
14:46 of 1st period - Stopped by Cal Petersen without a rebound.
14:47 of 1st period - Noel Acciari wins face-off versus Sheldon Dries in Toronto St Pats zone.
14:48 of 1st period - Snap shot by Luke Evangelista.
14:48 of 1st period - Shot Blocked by Austin Watson.
15:00 of 1st period - Snap shot by Sheldon Dries.
15:00 of 1st period - Stopped by Jack Campbell with a rebound.
15:02 of 1st period - Wrist shot by Austin Watson.
15:02 of 1st period - Shot Blocked by Philip Broberg.
15:34 of 1st period - Off-side.
15:35 of 1st period - Parker Kelly wins face-off versus Jake Leschyshyn in neutral zone.
15:42 of 1st period - Wrist shot by Will Cuylle.
15:42 of 1st period - Deflect By Parker Kelly.
15:42 of 1st period - Shot Blocked by Pierre-Olivier Joseph.
15:42 of 1st period - Puck is out of play.
15:43 of 1st period - Noel Acciari wins face-off versus Sheldon Dries in Toronto St Pats zone.
15:44 of 1st period - Slapshot by Luke Evangelista.
15:44 of 1st period - Shot Blocked by Pierre-Olivier Joseph.
16:09 of 1st period - Icing by Hudson Fasching.
16:10 of 1st period - Filip Hallander wins face-off versus Brett Seney in Cape Breton Oilers zone.
16:44 of 1st period - Wrist shot by Brett Seney.
16:44 of 1st period - Stopped by Cal Petersen with a rebound.
16:46 of 1st period - Snap shot by Brett Seney.
16:46 of 1st period - Deflect By Carl Grundstrom.
16:46 of 1st period - Shot Blocked by Lucas Carlsson.
16:46 of 1st period - Puck is out of play.
16:47 of 1st period - Jake Leschyshyn wins face-off versus Parker Kelly in Toronto St Pats zone.
16:58 of 1st period - Snap shot by Jake Leschyshyn.
16:58 of 1st period - Shot Misses the Net.
17:00 of 1st period - Snap shot by Corey Andonovski.
17:00 of 1st period - Stopped by Jack Campbell with a rebound.
17:02 of 1st period - Slapshot by Pierre-Olivier Joseph.
17:02 of 1st period - Stopped by Jack Campbell with a rebound.
17:08 of 1st period - Minor Penalty to Max Jones for Holding.
17:09 of 1st period - Filip Hallander wins face-off versus Luke Evangelista in Cape Breton Oilers zone.
17:16 of 1st period - Wrist shot by Connor Dewar.
17:16 of 1st period - Deflect By Filip Hallander.
17:16 of 1st period - Stopped by Jack Campbell without a rebound.
17:17 of 1st period - Filip Hallander wins face-off versus Luke Evangelista in Cape Breton Oilers zone.
17:18 of 1st period - Wrist shot by Brendan Brisson.
17:18 of 1st period - Shot Blocked by Luke Evangelista.
19:08 of 1st period - Penalty to Max Jones is over, Max Jones is back on ice.
Goals for this period are 3 for Cape Breton Oilers vs 0 for Toronto St Pats.
Shots for this period are 7 for Cape Breton Oilers vs 12 for Toronto St Pats.
2nd period
0:01 of 2nd period - Sheldon Dries wins face-off versus Noel Acciari in neutral zone.
0:08 of 2nd period - Slapshot by Quinton Byfield.
0:08 of 2nd period - Stopped by Jack Campbell with a rebound.
0:10 of 2nd period - Snap shot by Sheldon Dries.
0:10 of 2nd period - Shot Misses the Net.
0:12 of 2nd period - Snap shot by Sheldon Dries.
0:12 of 2nd period - Stopped by Jack Campbell with a rebound.
0:14 of 2nd period - Snap shot by Pierre-Olivier Joseph.
0:14 of 2nd period - Stopped by Jack Campbell with a rebound.
0:32 of 2nd period - Snap shot by Brett Seney.
0:32 of 2nd period - Shot Blocked by Sean Walker.
0:34 of 2nd period - Snap shot by Brett Seney.
0:34 of 2nd period - Stopped by Cal Petersen without a rebound.
0:35 of 2nd period - Jake Leschyshyn wins face-off versus Brett Seney in Toronto St Pats zone.
0:35 of 2nd period - Jake Leschyshyn is hit by Brett Seney.
1:00 of 2nd period - Jake Leschyshyn is hit by Dylan McIlrath and loses puck.
1:07 of 2nd period - Slapshot by Carl Grundstrom.
1:07 of 2nd period - Shot Misses the Net.
1:09 of 2nd period - Snap shot by Brett Seney.
1:09 of 2nd period - Stopped by Cal Petersen without a rebound.
1:10 of 2nd period - Noel Acciari wins face-off versus Sheldon Dries in Toronto St Pats zone.
2:00 of 2nd period - Wrist shot by Jonah Gadjovich.
2:00 of 2nd period - Shot Blocked by Sean Walker.
2:04 of 2nd period - Wrist shot by Jonah Gadjovich.
2:04 of 2nd period - Stopped by Cal Petersen without a rebound.
2:05 of 2nd period - Noel Acciari wins face-off versus Sheldon Dries in Toronto St Pats zone.
2:08 of 2nd period - Wrist shot by Luke Evangelista.
2:08 of 2nd period - Stopped by Cal Petersen with a rebound.
2:10 of 2nd period - Slapshot by Noel Acciari.
2:10 of 2nd period - Shot Misses the Net.
2:26 of 2nd period - Minor Penalty to Lucas Carlsson for Holding.
2:27 of 2nd period - Noel Acciari wins face-off versus Sheldon Dries in Toronto St Pats zone.
2:28 of 2nd period - Wrist shot by Luke Evangelista.
2:28 of 2nd period - Deflect By Noel Acciari.
2:28 of 2nd period - Stopped by Cal Petersen with a rebound.
2:30 of 2nd period - Wrist shot by Luke Evangelista.
2:30 of 2nd period - Goal by Luke Evangelista - Cape Breton Oilers : 4 - Toronto St Pats : 0.
2:31 of 2nd period - Sheldon Dries wins face-off versus Noel Acciari in neutral zone.
2:34 of 2nd period - Snap shot by Austin Watson.
2:34 of 2nd period - Deflect By Sheldon Dries.
2:34 of 2nd period - Shot Blocked by Luke Evangelista.
2:34 of 2nd period - Puck is out of play.
2:35 of 2nd period - Noel Acciari wins face-off versus Sheldon Dries in Cape Breton Oilers zone.
2:38 of 2nd period - Snap shot by Quinton Byfield.
2:38 of 2nd period - Shot Blocked by Noel Acciari.
2:48 of 2nd period - Wrist shot by Sheldon Dries.
2:48 of 2nd period - Shot Misses the Net.
2:50 of 2nd period - Backhand shot by Quinton Byfield.
2:50 of 2nd period - Shot Misses the Net.
3:26 of 2nd period - Snap shot by Max Jones.
3:26 of 2nd period - Shot Blocked by Connor Dewar.
3:48 of 2nd period - Sheldon Dries beats up Max Jones.
3:48 of 2nd period - Penalty to Sheldon Dries for Fighting.
3:48 of 2nd period - Penalty to Max Jones for Fighting.
3:48 of 2nd period - Penalty to Sheldon Dries for instigated a fight.
3:48 of 2nd period - Penalty to Sheldon Dries for instigated a fight.
3:49 of 2nd period - Corey Andonovski wins face-off versus Brett Seney in neutral zone.
4:02 of 2nd period - Slapshot by Pierre-Olivier Joseph.
4:02 of 2nd period - Stopped by Jack Campbell without a rebound.
4:03 of 2nd period - Noel Acciari wins face-off versus Connor Dewar in Cape Breton Oilers zone.
4:12 of 2nd period - Philip Broberg is hit by Sean Walker and loses puck.
5:48 of 2nd period - Penalty to Sheldon Dries is over, Corey Andonovski is send on ice.
5:56 of 2nd period - Riley Damiani is hit by Philip Broberg and loses puck.
7:10 of 2nd period - Austin Watson is hit by Will Cuylle and loses puck.
7:50 of 2nd period - Slapshot by Sean Walker.
7:50 of 2nd period - Stopped by Jack Campbell with a rebound.
7:56 of 2nd period - Brett Seney is hit by Nick Cousins and loses puck.
8:16 of 2nd period - Snap shot by Brendan Brisson.
8:16 of 2nd period - Stopped by Jack Campbell with a rebound.
9:11 of 2nd period - Brendan Brisson is hit by Alexey Toropchenko and loses puck.
10:19 of 2nd period - Minor Penalty to Corey Andonovski for High sticking.
10:20 of 2nd period - Filip Hallander wins face-off versus Noel Acciari in Toronto St Pats zone.
11:59 of 2nd period - Lucas Carlsson is hit by Hudson Fasching and loses puck.
12:19 of 2nd period - Penalty to Corey Andonovski is over, Corey Andonovski is back on ice.
12:56 of 2nd period - Icing by Matt Luff.
12:57 of 2nd period - Riley Damiani wins face-off versus Jonah Gadjovich in Cape Breton Oilers zone.
12:57 of 2nd period - Riley Damiani and Sam Carrick fight to a draw.
12:57 of 2nd period - Penalty to Riley Damiani for Fighting.
12:57 of 2nd period - Penalty to Sam Carrick for Fighting.
12:58 of 2nd period - Noel Acciari wins face-off versus William Lockwood in Cape Breton Oilers zone.
13:07 of 2nd period - Snap shot by Alexey Toropchenko.
13:07 of 2nd period - Shot Misses the Net.
13:09 of 2nd period - Snap shot by Noel Acciari.
13:09 of 2nd period - Goal by Noel Acciari - Cape Breton Oilers : 5 - Toronto St Pats : 0.
13:10 of 2nd period - Filip Hallander wins face-off versus Noel Acciari in neutral zone.
13:10 of 2nd period - Pierre-Olivier Joseph is hit by Luke Evangelista and loses puck.
13:17 of 2nd period - Snap shot by Philip Broberg.
13:17 of 2nd period - Shot Hit the Post.
13:19 of 2nd period - Slapshot by Philip Broberg.
13:19 of 2nd period - Shot Blocked by Pierre-Olivier Joseph.
13:21 of 2nd period - Slapshot by Noel Acciari.
13:21 of 2nd period - Shot Blocked by Filip Hallander.
13:23 of 2nd period - Snap shot by Alexey Toropchenko.
13:23 of 2nd period - Stopped by Cal Petersen without a rebound.
13:24 of 2nd period - Brett Seney wins face-off versus Jake Leschyshyn in Toronto St Pats zone.
13:33 of 2nd period - Snap shot by Hudson Fasching.
13:33 of 2nd period - Stopped by Cal Petersen without a rebound.
13:34 of 2nd period - Jake Leschyshyn wins face-off versus Brett Seney in Toronto St Pats zone.
13:41 of 2nd period - Carl Grundstrom is hit by Lucas Carlsson and loses puck.
13:54 of 2nd period - Slapshot by Connor Dewar.
13:54 of 2nd period - Stopped by Jack Campbell without a rebound.
13:55 of 2nd period - Noel Acciari wins face-off versus Filip Hallander in Cape Breton Oilers zone.
14:00 of 2nd period - Slapshot by Filip Hallander.
14:00 of 2nd period - Stopped by Jack Campbell with a rebound.
14:02 of 2nd period - Wrist shot by Nick Cousins.
14:02 of 2nd period - Stopped by Jack Campbell with a rebound.
14:04 of 2nd period - Snap shot by William Lockwood.
14:04 of 2nd period - Stopped by Jack Campbell with a rebound.
14:06 of 2nd period - Snap shot by William Lockwood.
14:06 of 2nd period - Shot Blocked by Leon Gawanke.
14:08 of 2nd period - Wrist shot by William Lockwood.
14:08 of 2nd period - Stopped by Jack Campbell without a rebound.
14:09 of 2nd period - Brett Seney wins face-off versus Jake Leschyshyn in Cape Breton Oilers zone.
14:14 of 2nd period - Slapshot by Carl Grundstrom.
14:14 of 2nd period - Stopped by Cal Petersen without a rebound.
14:15 of 2nd period - Jake Leschyshyn wins face-off versus Brett Seney in Toronto St Pats zone.
14:23 of 2nd period - Off-side.
14:24 of 2nd period - Filip Hallander wins face-off versus Noel Acciari in neutral zone.
14:31 of 2nd period - Snap shot by Filip Hallander.
14:31 of 2nd period - Goal by Filip Hallander - Cape Breton Oilers : 5 - Toronto St Pats : 1.
14:32 of 2nd period - Jake Leschyshyn wins face-off versus Noel Acciari in neutral zone.
14:39 of 2nd period - Snap shot by Quinton Byfield.
14:39 of 2nd period - Stopped by Jack Campbell without a rebound.
14:40 of 2nd period - Noel Acciari wins face-off versus Jake Leschyshyn in Cape Breton Oilers zone.
15:01 of 2nd period - Minor Penalty to Luke Evangelista for High sticking.
15:02 of 2nd period - Brett Seney wins face-off versus Jake Leschyshyn in Cape Breton Oilers zone.
15:09 of 2nd period - Pierre-Olivier Joseph is hit by Brett Seney and loses puck.
15:13 of 2nd period - Icing by Quinton Byfield.
15:14 of 2nd period - Quinton Byfield wins face-off versus Alexey Toropchenko in Toronto St Pats zone.
16:13 of 2nd period - Icing by Connor Dewar.
16:14 of 2nd period - Filip Hallander wins face-off versus Noel Acciari in Toronto St Pats zone.
16:27 of 2nd period - Snap shot by Brendan Brisson.
16:27 of 2nd period - Stopped by Jack Campbell with a rebound.
16:29 of 2nd period - Slapshot by Pierre-Olivier Joseph.
16:29 of 2nd period - Stopped by Jack Campbell with a rebound.
16:31 of 2nd period - Slapshot by Sean Walker.
16:31 of 2nd period - Deflect By Filip Hallander.
16:31 of 2nd period - Stopped by Jack Campbell with a rebound.
17:01 of 2nd period - Penalty to Luke Evangelista is over, Luke Evangelista is back on ice.
17:30 of 2nd period - Slapshot by Pierre-Olivier Joseph.
17:30 of 2nd period - Shot Blocked by Brett Seney.
17:32 of 2nd period - Slapshot by Sean Walker.
17:32 of 2nd period - Stopped by Jack Campbell without a rebound.
17:33 of 2nd period - Jake Leschyshyn wins face-off versus Will Cuylle in Cape Breton Oilers zone.
17:33 of 2nd period - Jake Leschyshyn is hit by Jonah Gadjovich.
17:34 of 2nd period - Austin Watson beats up Will Cuylle.
17:34 of 2nd period - Penalty to Austin Watson for Fighting.
17:34 of 2nd period - Penalty to Will Cuylle for Fighting.
17:34 of 2nd period - Penalty to Austin Watson for instigated a fight.
17:34 of 2nd period - Penalty to Austin Watson for instigated a fight.
17:35 of 2nd period - Noel Acciari wins face-off versus Corey Andonovski in Cape Breton Oilers zone.
17:57 of 2nd period - Penalty to Riley Damiani is over, Riley Damiani is back on ice.
18:02 of 2nd period - Jake Leschyshyn is hit by Hudson Fasching and loses puck.
18:48 of 2nd period - 10 Minutes Misconduct Penalty to Sheldon Dries is over.
19:23 of 2nd period - Lucas Carlsson is hit by Alexey Toropchenko and loses puck.
19:34 of 2nd period - Penalty to Austin Watson is over, Corey Andonovski is send on ice.
Goals for this period are 2 for Cape Breton Oilers vs 1 for Toronto St Pats.
Shots for this period are 10 for Cape Breton Oilers vs 17 for Toronto St Pats.
0:00 of 3rd period - Minor Penalty to Riley Damiani for Delaying the game.
3rd period
0:01 of 3rd period - Filip Hallander wins face-off versus Brett Seney in neutral zone.
0:10 of 3rd period - Snap shot by Carl Grundstrom.
0:10 of 3rd period - Shot Misses the Net.
0:30 of 3rd period - Slapshot by Lucas Carlsson.
0:30 of 3rd period - Shot Blocked by Dylan McIlrath.
0:37 of 3rd period - Off-side.
0:38 of 3rd period - Noel Acciari wins face-off versus Filip Hallander in neutral zone.
0:41 of 3rd period - Snap shot by Alexey Toropchenko.
0:41 of 3rd period - Stopped by Cal Petersen without a rebound.
0:42 of 3rd period - Noel Acciari wins face-off versus Connor Dewar in Toronto St Pats zone.
1:07 of 3rd period - Snap shot by Filip Hallander.
1:07 of 3rd period - Shot Blocked by Kevin Bahl.
1:09 of 3rd period - Snap shot by Connor Dewar.
1:09 of 3rd period - Shot Blocked by Kevin Bahl.
1:11 of 3rd period - Slapshot by Lassi Thomson.
1:11 of 3rd period - Shot Misses the Net.
1:13 of 3rd period - Snap shot by Lucas Carlsson.
1:13 of 3rd period - Shot Misses the Net.
1:15 of 3rd period - Snap shot by Lassi Thomson.
1:15 of 3rd period - Shot Misses the Net.
1:25 of 3rd period - Corey Andonovski is hit by Alexey Toropchenko and loses puck.
2:00 of 3rd period - Penalty to Riley Damiani is over, Riley Damiani is back on ice.
2:23 of 3rd period - Sam Carrick beats up Lassi Thomson.
2:23 of 3rd period - Penalty to Lassi Thomson for Fighting.
2:23 of 3rd period - Penalty to Sam Carrick for Fighting.
2:24 of 3rd period - Jake Leschyshyn wins face-off versus Noel Acciari in neutral zone.
2:49 of 3rd period - Noel Acciari is hit by Sean Walker and loses puck.
2:58 of 3rd period - Snap shot by Alexey Toropchenko.
2:58 of 3rd period - Shot Misses the Net.
3:00 of 3rd period - Slapshot by Philip Broberg.
3:00 of 3rd period - Shot Misses the Net.
3:02 of 3rd period - Snap shot by Luke Evangelista.
3:02 of 3rd period - Deflect By Alexey Toropchenko.
3:02 of 3rd period - Shot Misses the Net.
3:02 of 3rd period - Puck is out of play.
3:03 of 3rd period - Brett Seney wins face-off versus Sheldon Dries in Toronto St Pats zone.
3:06 of 3rd period - Wrist shot by Carl Grundstrom.
3:06 of 3rd period - Shot Blocked by Jake Leschyshyn.
3:08 of 3rd period - Snap shot by Leon Gawanke.
3:08 of 3rd period - Shot Blocked by Nicolas Beaudin.
3:10 of 3rd period - Slapshot by Brett Seney.
3:10 of 3rd period - Stopped by Cal Petersen with a rebound.
3:12 of 3rd period - Slapshot by Leon Gawanke.
3:12 of 3rd period - Stopped by Cal Petersen without a rebound.
3:13 of 3rd period - Jake Leschyshyn wins face-off versus Brett Seney in Toronto St Pats zone.
3:13 of 3rd period - Jake Leschyshyn is hit by Dylan McIlrath.
3:44 of 3rd period - Minor Penalty to Lucas Carlsson for Close Hand On Puck.
3:45 of 3rd period - Noel Acciari wins face-off versus Filip Hallander in Toronto St Pats zone.
5:44 of 3rd period - Penalty to Lucas Carlsson is over, Lucas Carlsson is back on ice.
7:12 of 3rd period - Wrist shot by Nick Cousins.
7:12 of 3rd period - Stopped by Jack Campbell with a rebound.
8:26 of 3rd period - Max Jones is hit by Lucas Carlsson and loses puck.
9:37 of 3rd period - Dylan McIlrath is hit by Filip Hallander and loses puck.
9:52 of 3rd period - Kevin Bahl is hit by Corey Andonovski and loses puck.
10:05 of 3rd period - Corey Andonovski is hit by Philip Broberg and loses puck.
11:08 of 3rd period - Filip Hallander is hit by Dylan McIlrath and loses puck.
11:17 of 3rd period - Brett Seney is hit by Filip Hallander and loses puck.
11:56 of 3rd period - Sheldon Dries is hit by Sam Carrick and loses puck.
12:11 of 3rd period - William Trudeau is hit by Sean Walker and loses puck.
12:28 of 3rd period - Backhand shot by Max Jones.
12:28 of 3rd period - Shot Blocked by Scott Perunovich.
12:30 of 3rd period - Snap shot by Parker Kelly.
12:30 of 3rd period - Shot Misses the Net.
12:32 of 3rd period - Slapshot by William Trudeau.
12:32 of 3rd period - Shot Misses the Net.
12:34 of 3rd period - 10 Minutes Misconduct Penalty to Austin Watson is over.
12:34 of 3rd period - Snap shot by Parker Kelly.
12:34 of 3rd period - Stopped by Cal Petersen with a rebound.
13:07 of 3rd period - Sean Walker is hit by Brett Seney and loses puck.
13:55 of 3rd period - Nicolas Beaudin is hit by Sam Carrick and loses puck.
15:06 of 3rd period - Connor Dewar is hit by Vladislav Kolyachonok and loses puck.
15:35 of 3rd period - Jake Leschyshyn is hit by Will Cuylle and loses puck.
15:44 of 3rd period - Will Cuylle is hit by Ville Koivunen and loses puck.
15:55 of 3rd period - Nick Cousins is hit by Luke Evangelista.
15:59 of 3rd period - Alexey Toropchenko is hit by Filip Hallander and loses puck.
17:24 of 3rd period - Ville Koivunen is hit by Hudson Fasching and loses puck.
18:07 of 3rd period - Lassi Thomson is hit by Parker Kelly.
18:13 of 3rd period - Leon Gawanke is hit by Scott Perunovich and loses puck.
18:26 of 3rd period - Wrist shot by Riley Damiani.
18:26 of 3rd period - Stopped by Jack Campbell without a rebound.
18:27 of 3rd period - Noel Acciari wins face-off versus Riley Damiani in Cape Breton Oilers zone.
18:32 of 3rd period - Kevin Bahl is hit by Riley Damiani and loses puck.
18:53 of 3rd period - Hudson Fasching is hit by William Lockwood and loses puck.
19:36 of 3rd period - Lucas Carlsson is hit by Alexey Toropchenko and loses puck.
Goals for this period are 0 for Cape Breton Oilers vs 0 for Toronto St Pats.
Shots for this period are 4 for Cape Breton Oilers vs 2 for Toronto St Pats.
Back to the Top